 Dungeon Crawl Stone Soup version 0.30.0-29-ga12c61a403 (webtiles) character file.

Game seed: 2830952298674213725

61 Peloso the Trooper (level 3, -11/34 HPs)
             Began as a Minotaur Fighter on June 25, 2023.
             Mangled by an ice beast (14 damage)
             ... on level 3 of the Dungeon.
             The game lasted 00:02:28 (1842 turns).

Peloso the Trooper (Minotaur Fighter)               Turns: 1842, Time: 00:02:29

Health: -11/34     AC: 11    Str: 20    XL:     3   Next: 83%
Magic:  2/2        EV:  5    Int:  5    God:
Gold:   90         SH:  5    Dex: 17    Spells: 2/2 levels left

rFire   . . .        a - +0 long sword
rCold   . . .        d - +0 buckler
rNeg    . . .        c - +0 plate armour
rPois   .            (helmet restricted)
rElec   .            (no cloak)
rCorr   +            (no gloves)
SInv    .            (no boots)
Will    .....        (no amulet) Stlth
                     f - +6 ring of dexterity
HPRegen 0.25/turn    k - ring of resist corrosion
MPRegen 0.08/turn

%: no passive effects
@: lethally poisoned (-11 -> -16)
A: horns 2, retaliatory headbutt
a: no special abilities


You were on level 3 of the Dungeon.
You visited 1 branch of the dungeon, and saw 3 of its levels.

You collected 90 gold pieces.

Inventory:

Hand Weapons
 a - a +0 long sword (weapon)
Armour
 b - a +0 scale mail
 c - a +0 plate armour (worn)
 d - a +0 buckler (worn)
Jewellery
 f - a +6 ring of dexterity (left hand)
 k - a ring of resist corrosion (right hand)
 p - a +6 ring of dexterity
Scrolls
 g - 3 scrolls of fear {unknown}
 h - 2 scrolls of poison {unknown}
 i - a scroll of fog {unknown}
 j - 2 scrolls of teleportation {unknown}
 l - a scroll of blinking {unknown}
 m - 2 scrolls of identify {unknown}
Potions
 e - a potion of curing
 n - 2 potions of might
 o - a potion of brilliance


   Skills:
 + Level 4.3 Fighting
 + Level 3.2 Long Blades
 + Level 4.2 Armour
 + Level 0.4 Dodging
 + Level 4.1 Shields


You had 2 spell levels left.
You didn't know any spells.
Your spell library contained the following spells:

 Spells                   Type           Power      Damage    Failure   Level
 Apportation              Tloc           0%         N/A       100%        1
 Necrotise                Necr           0%         1d4       100%        1
 Summon Small Mammal      Summ           0%         N/A       100%        1


Dungeon Overview and Level Annotations

Branches:
Dungeon (3/15)

Altars:


Innate Abilities, Weirdness & Mutations

You have a pair of horns on your head.
You reflexively headbutt those who attack you in melee.


Message History

The adder bites you but does no damage.
The ice beast hits you but does no damage.
You barely miss the adder.
The adder is moderately wounded.
The adder barely misses you. You block the adder's attack.
The ice beast hits you but does no damage.
You closely miss the adder. Your headbutt misses the adder.
The adder is lightly wounded.
The adder bites you.
You are poisoned.
The adder poisons you!
The ice beast hits you but does no damage.
The adder bites you but does no damage.
You barely miss the adder.
The adder is lightly wounded.
You feel sick. You block the ice beast's attack.
The adder bites you but does no damage.
You closely miss the adder.
The adder is lightly wounded.
You feel sick. The adder bites you. The ice beast hits you.
The ice beast freezes you. You block the adder's attack.
The ice beast hits you but does no damage.
You hit the adder.
The adder is moderately wounded.
You feel sick. The adder bites you but does no damage. The ice beast hits you.
The ice beast freezes you!
* * * LOW HITPOINT WARNING * * *
You hit the adder.
The adder is severely wounded.
You feel sick. The adder bites you.
* * * LOW HITPOINT WARNING * * *
You are more poisoned.
The adder poisons you!
The ice beast hits you but does no damage.
The adder bites you.
* * * LOW HITPOINT WARNING * * *
The ice beast attacks as you move away! The ice beast hits you.
* * * LOW HITPOINT WARNING * * *
The ice beast freezes you!
You die...

#.# #.# #. #.######.#
##. #.(......#
##...#######.########
#............# #
....#######.# #
#.###### #.# #
#$Y....###.########
#.@###.............
#...S# #####...[.....
#..#.# #########.
#..#.# #. #.# #. ..#
# #.# #.#


You could see an ice beast and an adder.

Vanquished Creatures
  2 adders (D:2)
  3 worms (D:3)
  A dart slug (D:2)
  5 bats
  4 endoplasms
  A giant cockroach (D:1)
  5 goblins
  2 hobgoblins (D:1)
  5 kobolds
  A ball python (D:1)
  2 frilled lizards (D:1)
  4 rats
35 creatures vanquished.

Notes
Turn   | Place    | Note
-------+----------+-------------------------------------------
     0 | D:1      | Peloso the Minotaur Fighter began the quest for the Orb.
     0 | D:1      | Reached XP level 1. HP: 19/19 MP: 0/0
   188 | D:1      | Reached XP level 2. HP: 27/27 MP: 1/1
   524 | D:1      | Found a faded altar of an unknown god.
   857 | D:2      | Reached XP level 3. HP: 31/33 MP: 2/2
  1831 | D:3      | Noticed an ice beast
  1842 | D:3      | Mangled by an ice beast

Illustrated notes

Levels and vault maps discovered:
D:1:      tarquinn_simple_flora_water_a, layout_basic,
          shapermc_ecumenical_altar_flowoftime
D:2:      layout_loops_corners
D:3:      layout_loops_ring, wad_orctagon

Skill      XL: |  1  2  3 |
---------------+----------+-----
Fighting       | 4 |  4.3
Armour         | 4 |  4.2
Shields        | 4 |  4.1
Long Blades    | 3 |  3.2
Dodging        | |  0.4

Action                     || total
---------------------------++-------
  Melee: Long sword        ||   101
         Headbutt          ||    22
    Use: Potion            ||     3
 Armour: Scale mail        ||    38
         Plate armour      ||    18
  Dodge: Dodged            ||    30
  Block: Buckler           ||    19
